 Dungeon Crawl Stone Soup version 0.23.0-28-g6fe0f4d (webtiles) character file.

Game seed: 9473625124100908258

109 Hasart the Chiller (level 4, -1/33 HPs)
             Began as a Demigod Ice Elementalist on Feb 25, 2019.
             Slain by a gnoll
             ... wielding a +0 flail
              (7 damage)
             ... on level 2 of the Dungeon.
             The game lasted 00:04:53 (2055 turns).

Hasart the Chiller (Demigod Ice Elementalist)       Turns: 2055, Time: 00:04:54

Health: -1/33      AC:  2    Str: 11    XL:     4   Next: 34%
Magic:  3/10       EV: 12    Int: 21    God:
Gold:   50         SH:  0    Dex: 16    Spells: 7/8 levels left

rFire    . . .     SeeInvis .   p - +2 dagger (elec)
rCold    . . .     Gourm    .   (no shield)
rNeg     . . .     Faith    .   a - +0 robe
rPois    .         Spirit   .   (no helmet)
rElec    .         Reflect  .   (no cloak)
rCorr    .         Harm     .   (no gloves)
MR       .....                  (no boots)
Stlth    ++........             (no amulet)
HPRegen  0.11/turn              (no ring)
MPRegen  0.12/turn              (no ring)

@: no status effects
A: high mp 1
a: no special abilities


You were on level 2 of the Dungeon.
You were not hungry.

You visited 1 branch of the dungeon, and saw 2 of its levels.

You collected 50 gold pieces.

Inventory:

Hand Weapons
 p - a +2 dagger of electrocution (weapon)
Armour
 a - a +0 robe (worn)
Jewellery
 l - an uncursed ring of fire
Scrolls
 g - a scroll of immolation {unknown}
 h - a scroll of enchant armour {unknown}
 i - 4 scrolls of identify {unknown}
 j - a scroll of amnesia {unknown}
 k - a scroll of teleportation
Potions
 f - 2 potions of lignification {unknown}
 m - a potion of heal wounds {unknown}
 n - a potion of curing {unknown}
 o - 2 potions of might {unknown}
Comestibles
 b - 2 chunks of flesh
 c - 2 rations


   Skills:
 - Level 1.7 Dodging
 - Level 1.7 Stealth
 + Level 2.7 Spellcasting
   Level 0.8 Conjurations
 * Level 4.3 Ice Magic


You had 7 spell levels left.
You knew the following spells:

 Your Spells              Type           Power        Failure   Level  Hunger
a - Freeze                Ice            ###.         2%          1    None

Your spell library contained the following spells:

 Spells                   Type           Power        Failure   Level  Hunger
 Throw Frost              Conj/Ice       ##....       7%          2    ##.....
 Ozocubu's Armour         Chrm/Ice       ##......     17%         3    ###....
 Throw Icicle             Conj/Ice       ##......     43%         4    ####...
 Summon Ice Beast         Ice/Summ       ##......     50%         4    ####...


Dungeon Overview and Level Annotations

Branches:
Dungeon (2/15)


Innate Abilities, Weirdness & Mutations

You have an increased reservoir of magic. (+10% MP)


Message History

Confirm with . or Enter, or press ? or * to list all spells.
Aiming: Freeze (safe; 2% risk of failure)
Press: ? - help, Shift-Dir - straight line, f/p - gnoll
Aim: a gnoll, wielding a +0 flail (moderately wounded)
You freeze the gnoll.
The gnoll is heavily wounded.
The gnoll hits you from afar with a +0 spear.
The gnoll hits you with a +0 flail!
* * * LOW HITPOINT WARNING * * *
Casting: Freeze (safe; 2% risk of failure)
Confirm with . or Enter, or press ? or * to list all spells.
Aiming: Freeze (safe; 2% risk of failure)
Press: ? - help, Shift-Dir - straight line, f/p - gnoll
Aim: a gnoll, wielding a +0 flail (heavily wounded)
You freeze the gnoll.
The gnoll is severely wounded.
The gnoll hits you from afar with a +0 spear.
* * * LOW HITPOINT WARNING * * *
The gnoll hits you with a +0 flail!
You die...

########...# #..#
#..........# #..#
######.#####...##
#..#
#..รท.........#.#
##gg#
#.#####.###..#.#
#g.## #.# #.# #..#.#
#..# #.# #.# #..#.#
#..# #.# #.#
#..#.###g.# #.#
#.###.....@g..# #.#
#.##.....###..# #.#
#.##...### #..# ..#
#........###..# ..#
#.............#
#.#####........###..#
........##...### #..#
.###.#####...# #).#
.............# #..#


You could see 2 gnolls.

Vanquished Creatures
  3 adders (D:2)
  3 gnolls
  3 dart slugs (D:1)
  2 ball pythons (D:1)
  5 giant cockroaches
  3 goblins
  10 hobgoblins
  4 jackals (D:1)
  A quokka (D:2)
  A bat (D:1)
  2 frilled lizards
  2 kobolds (D:1)
  5 rats
44 creatures vanquished.

Notes
Turn   | Place    | Note
-------+----------+-------------------------------------------
     0 | D:1      | Hasart the Demigod Ice Elementalist began the quest for the
                  | Orb.
     0 | D:1      | Reached XP level 1. HP: 14/14 MP: 5/5
    22 | D:1      | Reached skill level 3 in Ice Magic
   155 | D:1      | Reached XP level 2. HP: 14/20 MP: 4/7
   583 | D:1      | Reached XP level 3. HP: 18/26 MP: 1/9
  1513 | D:2      | Reached skill level 4 in Ice Magic
  1819 | D:2      | Reached XP level 4. HP: 25/33 MP: 3/10
  2055 | D:2      | Slain by a gnoll

Skill      XL: |  1  2  3 |
---------------+----------+-----
Spellcasting   | 2 |  2.7
Ice Magic      | 3 4 |  4.3
Dodging        | |  1.7
Stealth        | |  1.7
Conjurations   | |  0.8

Action                   |  1- 3 |  4- 6 || total
-------------------------+-------+-------++-------
Melee: Flail             |    28 |       ||    28
       Dagger            |       |    10 ||    10
 Cast: Freeze            |    63 |    14 ||    77
  Use: Scroll            |       |     2 ||     2
  Eat: Chunk             |     3 |     1 ||     4
Armor: Robe              |    15 |     6 ||    21
Dodge: Dodged            |    52 |     6 ||    58
